 Dungeon Crawl Stone Soup version 0.31-a0-44-g49d609d0da (webtiles) character file.

Game seed: 17282235631939836618

34 porpoise the Vexing (level 3, -1/20 HPs)
             Began as a Deep Elf Enchanter on May 20, 2023.
             Slain by Sigmund
             ... wielding a +0 scythe
              (3 damage)
             ... on level 2 of the Dungeon.
             The game lasted 00:04:58 (1186 turns).

porpoise the Vexing (Deep Elf Enchanter)            Turns: 1186, Time: 00:04:58

Health: -1/20      AC:  2    Str:  5    XL:     3   Next: 14%
Magic:  1/10       EV: 13    Int: 19    God:
Gold:   98         SH:  0    Dex: 17    Spells: 7/9 levels left

rFire   . . .        a - +1 dagger
rCold   . . .        (no shield)
rNeg    . . .        b - +0 robe
rPois   .            (no helmet)
rElec   .            (no cloak)
rCorr   .            (no gloves)
SInv    .            (no boots)
Will    .....        (no amulet)
Stlth   +            (no ring)
HPRegen 0.23/turn    (no ring)
MPRegen 0.12/turn

%: no passive effects
@: confused, very slightly contaminated
A: no striking features
a: no special abilities


You were on level 2 of the Dungeon.
You visited 1 branch of the dungeon, and saw 2 of its levels.

You collected 98 gold pieces.

Inventory:

Hand Weapons
 a - a +1 dagger (weapon)
Armour
 b - a +0 robe (worn)
Scrolls
 e - a scroll of identify {unknown}
 g - a scroll of teleportation {unknown}
 h - a scroll of butterflies {unknown}
Potions
 c - 2 potions of invisibility
 d - a potion of curing {unknown}
 f - a potion of degeneration {unknown}


   Skills:
 + Level 0.7 Fighting
 - Level 1.0 Short Blades
 - Level 2.4 Dodging
 + Level 4.0 Stealth
 * Level 3.9 Spellcasting
 - Level 4.2 Hexes
 + Level 0.6 Ice Magic


You had 7 spell levels left.
You knew the following spells:

 Your Spells              Type           Power      Damage    Failure   Level
e - Ensorcelled Hibernat  Hex/Ice        26%        N/A       8%          2

Your spell library contained the following spells:

 Spells                   Type           Power      Damage    Failure   Level
 Confusing Touch          Hex            20%        N/A       7%          3
 Tukima's Dance           Hex            20%        N/A       7%          3
 Dazzling Flash           Conj/Hex       22%        N/A       17%         3
 Ozocubu's Armour         Ice            6%         N/A       32%         3
 Metabolic Englaciation   Hex/Ice        6%         N/A       80%         5
 Simulacrum               Ice/Necr       2%         N/A       100%        6


Dungeon Overview and Level Annotations

Branches:
Dungeon (2/15)

Altars:

Annotations:
D:2 Sigmund


Message History

You miscast Ensorcelled Hibernation.
Nothing appears to happen.
Sigmund hits you from afar with a +0 scythe!
Unknown command.
Casting: Ensorcelled Hibernation (safe; 8% risk of failure)
Confirm with . or Enter, or press ? or * to list all spells.
Okay, then.
Casting: Ensorcelled Hibernation (safe; 8% risk of failure)
Confirm with . or Enter, or press ? or * to list all spells.
Okay, then.
The endoplasm freezes you.
You are frozen.
You see here a +0 dagger.
Casting: Ensorcelled Hibernation (safe; 8% risk of failure)
Confirm with . or Enter, or press ? or * to list all spells.
You don't have enough magic to cast this spell.
Unknown command.
You hit Sigmund.
Sigmund is lightly wounded.
Sigmund gestures at you while chanting. The magic dart hits you.
* * * LOW HITPOINT WARNING * * *
The endoplasm barely misses you.
You barely miss Sigmund.
Sigmund is lightly wounded.
Sigmund points at you and mumbles some strange words.
You are confused.
The endoplasm hits you.
* * * LOW HITPOINT WARNING * * *
Sigmund closely misses you.
You bump into the rock wall.
Sigmund closely misses you.
The endoplasm hits you but does no damage.
Unknown command.
You hit the endoplasm but do no damage. The endoplasm freezes you.
You are frozen.
* * * LOW HITPOINT WARNING * * *
You bump into the rock wall.
The kobold shouts!
Sigmund hits you from afar with a +0 scythe.
You die...

###### .. g..... #....#
.... ##...#.. #..(.#
#.#.. ##..8...#
###....##..... #.......#
.K........#.. #...>...#
#........... ##.......#
#...).......
...8...8######...J@......
....
..<....##.......@#.......
....
...(..)........####......
.... ................#
.#.... ....
.......†........# # #..
.... ................#
#)####...#
#######.............
#......... #.........###.
#J<..w. ##.......##
#K@.#...# #.........#
#..## ...#


You could see Sigmund, an endoplasm and a kobold.

Vanquished Creatures
  2 dart slugs (D:1)
  3 ball pythons
  2 bats (D:1)
  An endoplasm (D:1)
  A giant cockroach (D:2)
  5 goblins
  2 hobgoblins (D:1)
  3 jackals (D:1)
  A kobold (D:1)
  2 quokkas (D:1)
  A frilled lizard (D:1)
  2 rats (D:1)
25 creatures vanquished.

Notes
Turn   | Place    | Note
-------+----------+-------------------------------------------
     0 | D:1      | porpoise the Deep Elf Enchanter began the quest for the
                  | Orb.
     0 | D:1      | Reached XP level 1. HP: 10/10 MP: 6/6
   271 | D:1      | Reached XP level 2. HP: 14/15 MP: 8/8
   274 | D:1      | Learned a level 2 spell: Ensorcelled Hibernation
  1018 | D:2      | Noticed Sigmund
  1108 | D:2      | Reached XP level 3. HP: 20/20 MP: 10/10
  1186 | D:2      | Slain by Sigmund

Illustrated notes

Levels and vault maps discovered:
D:1:      kennysheep_arrival_seaside, layout_basic, minmay_misc_feat_square,
          minivault_23, chequers_serial_rivers_micro_a, minmay_hedge_maze
D:2:      layout_rooms, serial_aquarium, aquarium_bridge_straight
          [aquarium_subvault_bridge, aquarium_subvault_wall,
          aquarium_subvault_bridge, aquarium_subvault_balcony],
          aquarium_bridge_square [aquarium_subvault_window,
          aquarium_subvault_bridge, aquarium_subvault_bridge,
          aquarium_subvault_bridge], aquarium_window_1, aquarium_window_1,
          aquarium_view_2c, minivault_14, grunt_ministairs_1,
          nicolae_shop_vocational, uniq_sigmund

Skill      XL: |  1  2 |
---------------+-------+-----
Stealth        | 4 |  4.0
Fighting       | |  0.7
Short Blades   | |  1.0
Dodging        | |  2.4
Spellcasting   | |  3.9
Hexes          | |  4.2
Ice Magic      | |  0.6

Action                     || total
---------------------------++-------
  Melee: Dagger            ||    55
   Cast: Ensorcelled Hiber ||     9
   Stab: Sleeping          ||    13
 Armour: Robe              ||    10
  Dodge: Dodged            ||    37

Table legend: (Time is in decaauts)
 A = Elapsed time spent in this place.
 B = Non-inter-level travel time spent in this place.
 C = Inter-level travel time spent in this place.
 D = Time resting spent in this place.
 E = Time spent auto-exploring this place.
 F = Levels seen in this place.
 G = Mean time per level.
                   A        B        C        D        E       F      G
               +--------+--------+--------+--------+--------+-----+--------+
         Total |   1187 |   1071 |    116 |    284 |    603 |   2 |  593.5 |
       Dungeon |   1187 |   1071 |    116 |    284 |    603 |   2 |  593.5 |
               +--------+--------+--------+--------+--------+-----+--------+

Top non-repeatable levels by time:
     D:1: 1094 daAuts
     D:2: 92 daAuts
